AoeStats
← BMWwilliams5509

Golden Pit

509832462Analyzed
1v1 RM · 3d ago on Sep 28, 2026· 56m 56s· 2 players
Game mode
Random Map
Map size
Tiny (2 player)
Population
200
Speed
Normal
Resources
Standard
Victory
Conquest
Starting age
Dark Age
Ending age
Imperial Age
RankedLock teamsTeams togetherTeam positionsShared explorationLock speedFull tech treeHidden civsTurbo modeCheats
Victory
Defeat
🇹🇷 Saracens · Türkiye
1019
+15
🇬🇧 Franks · United Kingdom
1007
-15
GuptaTheFigher
10:54 Feudal Age
10:31 Loom
20:11 Castle Age
18:26 Double-Bit Axe
19:35 Stone Mining
21:25 Scale Barding Armor
34:48 Imperial Age
32:04 Town Watch
32:55 Wheelbarrow
32:41 Forging
33:44 Husbandry
33:48 Gold Mining
34:49 Chain Barding Armor
36:38 Chivalry
36:23 Cavalier
38:42 Iron Casting
41:29 Elite Throwing Axeman
43:12 Conscription
43:49 Scale Mail Armor
43:39 Fletching
53:01 Light Cavalry
BMWwilliams5509
6:25 Loom
9:30 Feudal Age
12:48 Double-Bit Axe
18:38 Horse Collar
22:36 Castle Age
20:37 Fletching
22:07 Padded Archer Armor
23:05 Crossbowman
23:44 Bodkin Arrow
24:05 Leather Archer Armor
23:44 Pikeman
27:16 Stone Mining
29:49 Gold Mining
31:16 Ballistics
32:19 Murder Holes
35:03 Gold Shaft Mining
34:43 Bow Saw
34:36 Heavy Plow
36:55 Wheelbarrow
36:06 Town Watch
39:06 Imperial Age
38:53 Forging
38:44 Scale Mail Armor
40:21 Hand Cart
42:37 Conscription
46:20 Bracer
47:40 Thumb Ring
50:28 Chemistry
49:40 Masonry
49:36 Siege Engineers
48:57 Elite Mameluke
50:14 Ring Archer Armor
53:10 Arbalester
55:33 Iron Casting
55:14 Chain Mail Armor
Connection lost

Rejoining the realm…

Still unreachable

The connection could not be restored.

Session expired

The server has moved on; the page needs a fresh start.